 Dungeon Crawl Stone Soup version 0.22-a0-858-g985ef60 (webtiles) character file.

7 Amnesiac the Vexing (level 1, 0/13 HPs)
             Began as a Mummy Enchanter on July 27, 2018.
             Slain by a leopard gecko (2 damage)
             ... on level 1 of the Dungeon.
             The game lasted 00:01:22 (290 turns).

Amnesiac the Vexing (Mummy Enchanter)                Turns: 290, Time: 00:01:23

Health: 0/13       AC:  2    Str: 11    XL:     1   Next: 83%
Magic:  2/4        EV: 12    Int: 14    God:
Gold:   0          SH:  0    Dex: 12    Spells: 4/5 levels left

rFire    x . .     SeeInvis .   a - +1 dagger
rCold    + . .     Gourm    .   (no shield)
rNeg     + + +     Faith    .   b - +0 robe
rPois    ∞         Spirit   .   (no helmet)
rElec    .         Reflect  .   (no cloak)
rCorr    .         Harm     .   (no gloves)
MR       .....                  (no boots)
Stlth    ++........             (no amulet)
HPRegen  0.04/turn              (no ring)
MPRegen  0.09/turn              (no ring)

@: no status effects
A: no food or potions, fire vulnerability, cold resistance 1, negative energy
resistance 3, torment resistance, unbreathing
a: no special abilities


You were on level 1 of the Dungeon.
You were not hungry.

You visited 1 branch of the dungeon, and saw 2 of its levels.

Inventory:

Hand Weapons
 a - a +1 dagger (weapon)
Armour
 b - a +0 robe (worn)


   Skills:
 - Level 1.0 Short Blades
 - Level 1.5 Dodging
 + Level 2.4 Stealth
 + Level 2.9 Spellcasting
 * Level 2.9 Hexes


You had 4 spell levels left.
You knew the following spells:

 Your Spells              Type           Power        Failure   Level  Hunger
a - Corona                Hex            ##.....      6%          1    N/A

Your spell library contained the following spells:

 Spells                   Type           Power        Failure   Level  Hunger
 Confuse                  Hex            ##......     19%         3    N/A
 Tukima's Dance           Hex            ##......     19%         3    N/A
 Ensorcelled Hibernation  Hex/Ice        #.....       19%         2    N/A
 Dazzling Spray           Conj/Hex       #.....       34%         3    N/A

Dungeon Overview and Level Annotations

Branches:
Dungeon (2/15)

Altars:


Innate Abilities, Weirdness & Mutations

You do not eat or drink.
Your flesh is vulnerable to fire.
You are immune to poison.
Your flesh is cold resistant. (rC+)
You are immune to negative energy. (rN+++)
You are immune to unholy pain and torment.
You can survive without breathing.


Message History

Aiming: Corona (safe; 7% risk of failure)
Press: ? - help, Shift-Dir - straight line, f/p - jackal
Aim: a jackal (chance to defeat MR: 63%)
The jackal is outlined in light.
The jackal closely misses you.
Unknown command.
You hit the jackal.
The jackal is lightly wounded.
The jackal barely misses you.
You closely miss the jackal.
The jackal is lightly wounded.
The jackal bites you. The jackal barely misses you.
You hit the jackal.
The jackal is moderately wounded.
The jackal closely misses you.
You hit the jackal.
The jackal is severely wounded.
The jackal misses you. The jackal bites you.
You hit the jackal.
The jackal is almost dead.
The jackal closely misses you.
You hit the jackal.
You kill the jackal!
Training target 1.0 for Short Blades reached!
Your Short Blades skill increases to level 1!
No target in view!
No target in view!
You start resting.
Magic restored.
You start resting.
HP restored.
You start resting.
Magic restored.
You start resting.
HP restored.
You climb downwards.
There is a stone staircase leading up here.
A leopard gecko and a jackal come into view.
There is a stone staircase leading up here.
Casting: Corona (safe; 6% risk of failure)
Confirm with . or Enter, or press ? or * to list all spells.
Aiming: Corona (safe; 6% risk of failure)
Press: ? - help, Shift-Dir - straight line, f - leopard gecko
Aim: a leopard gecko (clinging, chance to defeat MR: 63%)
The leopard gecko struggles to resist.
A jackal comes into view.
The leopard gecko bites you.
You climb upwards.
There is a stone staircase leading down here.
Casting: Corona (safe; 6% risk of failure)
Confirm with . or Enter, or press ? or * to list all spells.
Aiming: Corona (safe; 6% risk of failure)
Press: ? - help, Shift-Dir - straight line, f - leopard gecko
Aim: a leopard gecko (chance to defeat MR: 63%)
The leopard gecko is outlined in light.
The leopard gecko bites you but does no damage.
The leopard gecko bites you.
* * * LOW HITPOINT WARNING * * *
Unknown command.
You closely miss the leopard gecko. The leopard gecko bites you.
* * * LOW HITPOINT WARNING * * *
You closely miss the leopard gecko. The leopard gecko bites you.
* * * LOW HITPOINT WARNING * * *
You closely miss the leopard gecko. The leopard gecko bites you.
You die...

#### ####.. #....#### ###
#### #.......# #..
...############# #......#
#.# ...#...........#
#......# #.#..
...#.#########.####......#
#.#..
...'............@l.......#
#.#..
...###.###......###...#..#
#.#.. ...###.# #......#
#...#..## #.#.. ...+...#
#......# #.###..##.#.#..
...#####
#......###..##..##.#.#..
####
.................##......
######.#####..#.#####....
... ##............ ##
#.###########


You could see a leopard gecko.

Vanquished Creatures
  A jackal (D:1)
  2 bats (D:1)
  A frilled lizard (D:1)
  4 rats (D:1)
8 creatures vanquished.

Notes
Turn   | Place    | Note
-------+----------+-------------------------------------------
     0 | D:1      | Amnesiac the Mummy Enchanter began the quest for the Orb.
     0 | D:1      | Reached XP level 1. HP: 13/13 MP: 4/4
   215 | D:1      | Reached skill level 1 in Short Blades
   290 | D:1      | Slain by a leopard gecko

Vault maps used:
D:1:      kennysheep_arrival_seaside
D:2:      first_ration

Skill      XL: |  1 |
---------------+----+-----
Short Blades   | 1 |  1.0
Dodging        | |  1.5
Stealth        | |  2.4
Spellcasting   | |  2.9
Hexes          | |  2.9

Action                   || total
-------------------------++-------
Melee: Dagger            ||    27
 Cast: Corona            ||     8
Armor: Robe              ||    11
Dodge: Dodged            ||    22

Table legend:
 A = Spawn XP
 B = Non-spawn XP
 C = Spawn XP percentage of total XP
 D = Spawn monster count
 E = Non-spawn monster count
 F = Spawn count percentage of total count
 G = Total turns spent on level
                    A         B        C        D         E        F      G
               +---------+---------+-------+---------+---------+-------+---------
         Total |       0 |      10 |   0.0 |       0 |       8 |   0.0 |   290
               +---------+---------+-------+---------+---------+-------+---------
           D:1 |       0 |      10 |   0.0 |       0 |       8 |   0.0 |   276
               +---------+---------+-------+---------+---------+-------+---------
